 Dungeon Crawl Stone Soup version 0.27.1-33-g824d729ab1 (webtiles) character file.

Game seed: 17599025854417645369

16 tizbic2 the Ducker (level 2, -4/14 HPs)
             Began as a Felid Monk on Nov 24, 2021.
             Slain by a kobold (5 damage)
             ... on level 2 of the Dungeon on Nov 27, 2021.
             The game lasted 00:03:38 (255 turns).

tizbic2 the Ducker (Felid Monk)                      Turns: 255, Time: 00:03:39

Health: -4/14      AC:  1    Str:  7    XL:     2   Next: 41%
Magic:  3/3        EV: 19    Int: 11    God:
Gold:   3          SH:  0    Dex: 18    Spells: 1/1 levels left
                                        Lives:  0   Deaths: 0

rFire    . . .     SeeInvis +     - Unarmed
rCold    . . .     Faith    .   (shield unavailable)
rNeg     . . .     Spirit   .   (armour unavailable)
rPois    .         Reflect  .   (helmet unavailable)
rElec    .         Harm     .   (cloak unavailable)
rCorr    .         Rampage  .   (gloves unavailable)
Will     .....                  (boots unavailable)
Stlth    ++........             (no amulet)
HPRegen  0.04/turn              (no ring)
MPRegen  0.08/turn              (no ring)

@: quick
A: very small, claws 1, fangs 3, see invisible, speed 1, shaggy fur 1, stealthy
paws, no weapons or thrown items, no armour, multi-lived
a: no special abilities


You were on level 2 of the Dungeon.
You visited 1 branch of the dungeon, and saw 2 of its levels.

You collected 3 gold pieces.

Inventory:

Scrolls
 a - a scroll of summoning
 b - a scroll of identify


   Skills:
 + Level 3.1 Fighting
 * Level 4.4 Dodging
 - Level 2.6 Stealth
 * Level 3.2 Unarmed Combat
 - Level 1.0 Hexes


You had one spell level left.
You didn't know any spells.
Your spell library was empty.

Dungeon Overview and Level Annotations

Branches:
Dungeon (2/15)

Altars:

Shops:
D:1 (


Innate Abilities, Weirdness & Mutations

You have sharp claws.
You have razor-sharp teeth.
You have supernaturally acute eyesight. (SInv)
You cover ground quickly. (Speed+)
You are covered in fur. (AC +1)
Your paws help you pounce on unaware monsters.
You are incapable of wielding weapons or throwing items.
You cannot wear armour.
You gain extra lives every three experience levels.


Message History

The endoplasm barely misses you.
You claw the endoplasm!
You kill the endoplasm!
The bat completely misses you.
You closely miss the bat. The bat completely misses you.
Saving game... please wait.
Welcome back, tizbic2 the Felid Monk.
Press ? for a list of commands and other information.
You barely miss the bat. The bat completely misses you.
The hobgoblin shouts!
The bat completely misses you.
You closely miss the bat. The bat closely misses you.
A hobgoblin comes into view.
The hobgoblin shouts!
You claw the bat!
You kill the bat!
A kobold comes into view. It is wielding a +0 short sword.
A hobgoblin is nearby!
You closely miss the hobgoblin. The hobgoblin hits you.
You scratch the hobgoblin.
The hobgoblin is almost dead.
The hobgoblin hits you.
You scratch the hobgoblin.
You kill the hobgoblin!
You scratch the hobgoblin but do no damage.
The hobgoblin hits you.
You scratch the hobgoblin but do no damage.
The hobgoblin hits you.
You scratch the hobgoblin but do no damage.
The hobgoblin barely misses you.
A bat comes into view.
The kobold hits you with a +0 short sword.
* * * LOW HITPOINT WARNING * * *
There is a stone staircase leading down here.
You climb downwards.
Found a stone staircase leading up.
There is a stone staircase leading up here.
There is a stone staircase leading up here.
The kobold hits you with a +0 short sword.
You die...

##########
#....K@..#
#....<##.#
#.....# #
.........
###...S...
#.....##.
.....###
.# ######
#


You could see an adder (asleep) and a kobold.

Vanquished Creatures
  A dart slug (D:1)
  2 endoplasms (D:1)
  A goblin (D:1)
  2 hobgoblins (D:1)
  A kobold (D:1)
  A ball python (D:1)
  2 bats (D:1)
  2 frilled lizards (D:1)
  2 rats (D:1)
14 creatures vanquished.

Notes
Turn   | Place    | Note
-------+----------+-------------------------------------------
     0 | D:1      | tizbic2 the Felid Monk began the quest for the Orb.
     0 | D:1      | Reached XP level 1. HP: 10/10 MP: 2/2
    62 | D:1      | Found Kiuhy's Antique Weapon Shoppe.
    97 | D:1      | Reached XP level 2. HP: 13/14 MP: 3/3
   178 | D:1      | Reached skill level 1 in Hexes
   255 | D:2      | Slain by a kobold

Illustrated notes

Levels and vault maps discovered:
D:1:      nzn_arrival_depleted_hourglass, layout_rooms, serial_shops,
          nicolae_shop_stone
D:2:      layout_loops_ring, ebering_ecumenical_altar_rust

Skill      XL: |  1  2 |
---------------+-------+-----
Hexes          | 1 |  1.0
Fighting       | |  3.1
Dodging        | |  4.4
Stealth        | |  2.6
Unarmed Combat | |  3.2

Action                   || total
-------------------------++-------
Melee: Unarmed           ||    34
  Use: Scroll            ||     1
 Stab: Sleeping          ||     1
Armor: Skin              ||     1
Dodge: Dodged            ||    22
